 Dungeon Crawl Stone Soup version 0.31.0 (webtiles) character file.

Game seed: 10876028233087542234

105665 qw the Marksgargoyle (level 16, -1/109 HPs)
             Began as a Gargoyle Hunter on Jan 19, 2024.
             Was the Champion of Okawaru.
             Slain by Frances
             ... wielding a +2 antimagic halberd
              (16 damage)
             ... on level 1 of the Snake Pit.
             The game lasted 00:03:10 (20697 turns).

qw the Marksgargoyle (Gargoyle Hunter)             Turns: 20697, Time: 00:03:11

Health: -1/109     AC: 26    Str: 16    XL:     16   Next: 42%
Magic:  0/23       EV: 19    Int: 16    God:    Okawaru [******]
Gold:   993        SH:  5    Dex: 22    Spells: 15/15 levels left

rFire   + . .        s - +8 longbow "Zephyr" {speed, Dex+3 SInv}
rCold   + + .        (shield currently unavailable)
rNeg    + + +        G - +0 troll leather armour
rPois   inf          b - +2 helmet
rElec   +            v - scarf {rC+ rF+}
rCorr   .            j - +2 pair of gloves
SInv    +            y - +3 pair of boots of Okawaru's Esteem {rN+ Will+}
Will    ++++.        K - amulet of reflection
Stlth   +++          m - ring of willpower
HPRegen 1.18/turn    n - ring of Vill {rC+ rN+ Int+5 Stlth+}
MPRegen 0.18/turn

%: reflection
@: about to teleport, flying
A: sickness immunity, AC +12, big wings, negative energy resistance 1,
electricity resistance, torment resistance 1, petrification resistance,
strong-willed 1
a: Renounce Religion, Heroism, Finesse, Duel


You were on level 1 of the Snake Pit.
You worshipped Okawaru.
Okawaru was exalted by your worship.
You visited 5 branches of the dungeon, and saw 24 of its levels.
You also visited: Ossuary and Gauntlet.

You collected 2489 gold pieces.
You spent 1496 gold pieces at shops.


Innate Abilities, Weirdness & Mutations

You are immune to sickness and miasma.
Your stone body is resilient. (AC +12)
You are immune to poison.
Your large and strong wings let you fly.
You resist negative energy. (rN+)
You are resistant to electric shocks. (rElec)
You are resistant to unholy torment.
You are immune to petrification.
You are strong-willed. (Will+)


   Skills:
 + Level 15.7 Fighting
 - Level 20.0 Ranged Weapons
 - Level 7.0 Armour
 - Level 10.0 Dodging
 - Level 1.1 Stealth
 - Level 10.0 Invocations


You had 15 spell levels left.
You didn't know any spells.
Your spell library was empty.

Inventory:

Hand Weapons
 s - the +8 longbow "Zephyr" (weapon) {speed, Dex+3 SInv}
   (You acquired it on level 8 of the Dungeon)

   Dex+3:     It affects your dexterity (+3).
   SInv:      It lets you see invisible.
Armour
 b - a +2 helmet (worn)
 h - a +0 ring mail of fire resistance
 j - a +2 pair of gloves (worn)
 o - the +1 cloak of Hide-and-Seek {-Tele rElec rN+++ Str+2}
   (You found it in a Gauntlet)

   Str+2:     It affects your strength (+2).
   rElec:     It insulates you from electricity.
   rN+++:     It renders you almost immune to negative energy.
   -Tele:     It prevents most forms of teleportation.
 r - a +0 cloak of willpower
 v - a scarf of resistance (worn)
 x - the +3 hat of Pondering {ponderous, Will+ MP+10 Int+5}
   (You took it off Gastronok on level 3 of the Lair of Beasts)

   Int+5:     It affects your intelligence (+5).
   Will+:     It increases your willpower.
   MP+10:     It affects your magic capacity (+10).
 y - the +3 pair of boots of Okawaru's Esteem (worn) {rN+ Will+}
   (Okawaru gifted it to you on level 4 of the Lair of Beasts)

   rN+:       It protects you from negative energy.
   Will+:     It increases your willpower.
 E - a +1 cloak
 G - a +0 troll leather armour (worn)
Jewellery
 d - a ring of ice
 g - a ring of positive energy
 m - a ring of willpower (left hand)
 n - the ring of Vill (right hand) {rC+ rN+ Int+5 Stlth+}
   (You acquired it on level 6 of the Dungeon)

   [ring of positive energy]

   Int+5:     It affects your intelligence (+5).
   rC+:       It protects you from cold.
   rN+:       It protects you from negative energy.
   Stlth+:    It makes you more stealthy.
 p - a ring of fire
 D - a ring of willpower
 F - a ring of see invisible
 I - a ring of see invisible
 K - an amulet of reflection (around neck)
Wands
 i - a wand of roots (33)
 t - a wand of digging (3)
 C - a wand of mindburst (16)
Scrolls
 a - 2 scrolls of enchant weapon
 q - 14 scrolls of teleportation
 H - a scroll of brand weapon
 J - 9 scrolls of identify
Potions
 c - 7 potions of heal wounds
 e - 3 potions of mutation
 f - 5 potions of might
 k - a potion of resistance
 l - 14 potions of curing
 u - 3 potions of cancellation
 z - 3 potions of magic
 A - 6 potions of enlightenment
 B - 4 potions of haste

Dungeon Overview and Level Annotations

Branches:
Dungeon (15/15)            Temple (1/1) D:5            Lair (5/5) D:8
  Swamp (0/4) Lair:2        Snake (1/4) Lair:3        Slime (0/5) Lair:4
    Orc (2/2) D:11            Elf (0/3) Orc:2        Vaults (0/5) D:13
 Depths (0/4) D:15        Ossuary (visited)         Gauntlet (visited)

Altars:
Ashenzari
Cheibriados
Dithmenos
Elyvilon
Fedhas
Gozag
Hepliaklqana
Kikubaaqudgha
Makhleb
Nemelex Xobeh
Okawaru
Qazlal
Ru
Sif Muna
Trog
Uskayaw
Vehumet
Wu Jian
Xom
Yredelemnul
Zin
The Shining One
Jiyva
Lugonu

Shops:
D:4 (   D:6 (   D:11 !   Orc:2 !*?*

Portals:
Abyss: Lair:5

Annotations:
D:9 4 runed translucent doors, qw's ghost, novice GrHu
Snake:1 Frances


Message History

Frances seems to speed up.
You shoot an arrow. The arrow barely misses the soul eater.
The arrow hits the smoke demon!
The smoke demon is almost dead.
You shoot an arrow. The arrow barely misses the soul eater.
The arrow barely misses the smoke demon.
Frances misses you.
You shoot an arrow.
The arrow closely misses the soul eater.
The arrow completely misses the smoke demon.
Frances barely misses you.
You shoot an arrow.
The arrow hits the soul eater but does no damage.
Frances completely misses you.
You shoot an arrow. The arrow hits the soul eater!!
The soul eater is moderately wounded.
The soul eater hits you but does no damage.
You shoot an arrow. The arrow hits the soul eater!
The soul eater is heavily wounded.
Frances says, "I have seen worlds and universes beyond all imagining."
Frances screams a word of power!
You shoot an arrow. The arrow hits the soul eater!
The soul eater is severely wounded.
The soul eater disappears in a puff of smoke!
The smoke demon gestures at you. The pyre arrow misses you.
Frances chants phrases taken from a devil's mouth.
The iron shot misses you.
20695 ||| RETREEEEATING.
20696 ||| RETREEEEATING.
Frances hits you with a +2 antimagic halberd.
The smoke demon gestures at you. Something smites you!
Frances hits you with a +2 antimagic halberd!!
You feel your power leaking away.
20697 ||| READING 15 scrolls of teleportation.
As you read the scroll of teleportation, it crumbles to dust.
You feel strangely unstable.
Frances hits you with a +2 antimagic halberd!
You die...

#.# # #..
#.#.. #.#.#
#...## #..###
#....##
#.##..#
#.###@# #.#
#@# #.#
#33.....#
#####.#
######>##
#.....#
#####.# #(#
###########.#
#...........#


You could see Frances (fast, corroded), a smoke demon (summoned, corroded) and a
neqoxec (summoned).

Vanquished Creatures
  Rupert (D:12)
  Jorgrun (D:12)
  Gastronok (Lair:3)
  Roxanne (D:14)
  Kirke (Lair:4)
  An eleionoma (Lair:2)
  Azrael (D:13)
  A minotaur (Gauntlet)
  Snorg (D:13)
  An ettin (D:15)
  A catoblepas (Lair:3)
  A rakshasa (D:14)
  2 vault guards (D:13)
  An ironbound frostheart (D:13)
  An anaconda (Snake:1)
  A ghost crab (Gauntlet)
  Erica (D:9)
  4 hydras
  5 boulder beetles
  2 centaur warriors
  A death knight (D:13)
  5 two-headed ogres
  4 orc high priests (Orc:2)
  18 death yaks
  4 thrashing horrors (Lair:5)
  Urug (D:12)
  4 tengu warriors
  Sonja (D:13)
  A hell knight (D:15)
  Amaemon (D:9)
  4 skeletal warriors (D:15)
  2 skysharks
  An arcanist (D:15)
  A harpy (shapeshifter) (D:14)
  Pikel (D:6)
  5 orc knights
  2 deep elf pyromancers (D:13)
  A necromancer (D:15)
  7 orc sorcerers
  4 manticores
  2 ugly things (Lair:5)
  A moth of wrath (shapeshifter) (Lair:5)
  A cyclops (D:15)
  10 elephants
  A kobold blastminer (Orc:2)
  Maurice (D:8)
  6 black mambas
  A meliai (shapeshifter) (D:15)
  A torpor snail (Gauntlet)
  An orange demon (D:9)
  A large abomination (Lair:5)
  8 cane toads
  3 gargoyles
  2 smoke demons (Lair:5)
  4 kobold demonologists
  An efreet (D:13)
  11 komodo dragons
  A yaktaur (shapeshifter) (D:14)
  2 tengu conjurers
  A freezing wraith (D:13)
  5 trolls
  A hornet (D:8)
  A polar bear (Lair:1)
  Grinder (D:4)
  15 blink frogs
  A raiju (Lair:5)
  2 dream sheep (Lair:5)
  A hornet (shapeshifter) (D:14)
  A raiju (shapeshifter) (Lair:5)
  9 slime creatures
  A ynoxinul (Lair:5)
  Sigmund (D:3)
  2 humans (D:13)
  A shadow (D:12)
  3 fire elementals
  29 yaks
  4 fire bats
  2 spriggans (Lair:5)
  3 wraiths
  Eustachio (D:4)
  6 wyverns
  7 basilisks
  13 wargs
  3 hogs (Lair:4)
  6 vampire mosquitoes
  Menkaure (D:6)
  An acid dragon (D:10)
  2 chaos spawn (Lair:5)
  11 small abominations (Lair:5)
  18 water moccasins
  An acid dragon (shapeshifter) (D:13)
  2 hell hounds (D:13)
  Duvessa (D:7)
  3 laughing skulls
  18 orc warriors
  A sky beast (D:4)
  7 black bears
  An ice beast (D:5)
  11 ogres
  11 wolves
  A lemure (D:6)
  8 centaurs
  2 phantoms
  17 bullfrogs
  8 kobold brigands
  2 gnoll sergeants
  3 scorpions
  6 wights
  Dowan (D:7)
  4 howler monkeys
  3 electric eels
  2 lava snakes (Lair:3)
  6 jellies
  2 hounds
  30 orc priests
  A centaur skeleton (Ossuary)
  A gnoll bouda (Lair:5)
  3 spectral scorpions (Ossuary)
  4 iguanas
  3 sleepcaps
  Jessica (D:3)
  Terence (D:3)
  Natasha (thrice) (D:4)
  37 orc wizards
  A crocodile zombie (Ossuary)
  9 mummies (Ossuary)
  7 adders
  17 gnolls
  A white imp (D:5)
  4 ufetubi (D:7)
  A dart slug (D:2)
  4 ribbon worms
  100 orcs
  4 bats
  3 endoplasms
  3 giant cockroaches (D:1)
  4 goblins
  7 hobgoblins
  3 jackals (D:1)
  17 kobolds
  8 quokkas
  2 ball pythons
  2 frilled lizards (D:3)
  2 gnoll skeletons (Ossuary)
  4 kobold skeletons (Ossuary)
  An orc skeleton (Ossuary)
  3 rats
  A spectral goblin (D:2)
  10 spectral rats (Ossuary)
731 creatures vanquished.

Notes
Turn   | Place    | Note
-------+----------+-------------------------------------------
     0 | D:1      | qw the Gargoyle Hunter began the quest for the Orb.
     0 | D:1      | Reached XP level 1. HP: 12/12 MP: 1/1
     0 | D:1      | 0 ||| qw: Version: 0.3-a-132-g3d54051
     0 | D:1      | 0 ||| qw: Game counter: 101
     0 | D:1      | 0 ||| qw: Melee chars always use a shield: true
     0 | D:1      | 0 ||| qw: God list: Okawaru
     0 | D:1      | 0 ||| qw: Allow faded altars: false
     0 | D:1      | 0 ||| qw: Do Orc after clearing Dungeon:15 true
     0 | D:1      | 0 ||| qw: Do second Lair branch before Depths: true
     0 | D:1      | 0 ||| qw: Lair rune preference: random
     0 | D:1      | 0 ||| qw: Goals: Normal
     0 | D:1      | 0 ||| PLANNING D:1-11
   290 | D:1      | Reached XP level 2. HP: 15/17 MP: 2/2
  1047 | D:1      | 1047 ||| UPGRADING to +0 ring mail.
  1057 | D:1      | 1057 ||| DROPPING +0 leather armour.
  1058 | D:1      | 1058 ||| UPGRADING to amulet of the acrobat.
  1063 | D:1      | 1063 ||| DROPPING ring of magical power.
  1064 | D:1      | 1064 ||| UPGRADING to ring of willpower.
  1065 | D:1      | 1065 ||| READING scroll labelled ICVEICLEFE.
  1066 | D:1      | 1066 ||| READING scroll labelled UFRARO XENI.
  1066 | D:1      | 1066 ||| IDENTIFYING murky yellow potion
  1067 | D:1      | 1067 ||| READING 2 scrolls labelled PYUFUL PYRAUMMUT.
  1068 | D:1      | 1068 ||| DROPPING scroll of butterflies.
  1069 | D:1      | 1069 ||| DROPPING scroll of immolation.
  1106 | D:2      | 1106 ||| STAIRDANCE
  1116 | D:1      | Reached skill level 1 in Armour
  1116 | D:1      | Reached XP level 3. HP: 20/21 MP: 3/3
  1189 | D:2      | Reached skill level 5 in Ranged Weapons
  1191 | D:2      | 1191 ||| FLEEEEING.
  1628 | D:2      | Reached XP level 4. HP: 27/27 MP: 4/4
  1646 | D:2      | Reached skill level 3 in Fighting
  1930 | D:2      | Found a faded altar of an unknown god.
  2045 | D:2      | 2045 ||| UPGRADING to +1 helmet.
  2050 | D:2      | 2050 ||| UPGRADING to +0 pair of gloves.
  2055 | D:2      | 2055 ||| READING scroll labelled OFEORR GEHIJ.
  2055 | D:2      | 2055 ||| BRANDING +0 shortbow.
  2056 | D:2      | 2056 ||| READING scroll labelled QYPIEV PIUSUI.
  2057 | D:2      | 2057 ||| READING scroll labelled CIHUVV LAHUGA.
  2058 | D:2      | 2058 ||| FLEEEEING.
  2214 | D:3      | Noticed Jessica
  2218 | D:3      | Killed Jessica
  2253 | D:3      | Reached XP level 5. HP: 32/32 MP: 5/5
  2481 | D:3      | Noticed Terence
  2481 | D:3      | Noticed Sigmund
  2484 | D:3      | Killed Terence
  2485 | D:3      | Reached skill level 6 in Ranged Weapons
  2486 | D:3      | HP: 3/32 [Sigmund/+2 scythe of venom (11)]
  2493 | D:3      | Killed Sigmund
  2494 | D:3      | Reached XP level 6. HP: 5/40 MP: 6/6
  2980 | D:3      | 2980 ||| UPGRADING to +0 pair of boots.
  2985 | D:3      | 2985 ||| READING 2 scrolls of identify.
  2985 | D:3      | 2985 ||| IDENTIFYING amethyst potion
  2986 | D:3      | 2986 ||| READING scroll of identify.
  2986 | D:3      | 2986 ||| IDENTIFYING metallic red potion
  2987 | D:3      | 2987 ||| READING scroll labelled BUACEFEUNA.
  2987 | D:3      | 2987 ||| ENCHANTING +0 pair of gloves.
  2988 | D:3      | 2988 ||| DRINKING 2 murky golden potions.
  2988 | D:3      | Gained mutation: You are strong-willed. (Will+) [potion of
                  | mutation]
  2989 | D:3      | 2989 ||| DROPPING potion of invisibility.
  3054 | D:4      | Reached XP level 7. HP: 44/44 MP: 7/7
  3108 | D:4      | Reached skill level 7 in Ranged Weapons
  3112 | D:4      | Found Zoevothronnu's Weapon Boutique.
  3118 | D:4      | Noticed Grinder
  3138 | D:4      | Killed Grinder
  3140 | D:4      | 3140 ||| FLEEEEING.
  3222 | D:4      | Found a stormy altar of Qazlal.
  3235 | D:4      | Reached skill level 8 in Ranged Weapons
  3235 | D:4      | Reached XP level 8. HP: 46/49 MP: 8/8
  3280 | D:4      | Noticed Natasha
  3290 | D:4      | Killed Natasha
  3384 | D:4      | 3384 ||| FLEEEEING.
  3385 | D:4      | 3385 ||| FLEEEEING.
  3386 | D:4      | 3386 ||| FLEEEEING.
  3387 | D:4      | 3387 ||| FLEEEEING.
  3388 | D:4      | 3388 ||| FLEEEEING.
  3388 | D:4      | HP: 8/49 [orc priest/divine providence (16)]
  3389 | D:4      | 3389 ||| DRINKING potion of heal wounds.
  3390 | D:4      | 3390 ||| FLEEEEING.
  3391 | D:4      | 3391 ||| FLEEEEING.
  3394 | D:4      | 3394 ||| STAIRDANCE
  3477 | D:3      | 3477 ||| UPGRADING to +0 cloak.
  3482 | D:3      | 3482 ||| READING 3 scrolls of identify.
  3482 | D:3      | 3482 ||| IDENTIFYING emerald potion
  3483 | D:3      | 3483 ||| READING 2 scrolls of identify.
  3483 | D:3      | 3483 ||| IDENTIFYING inky potion
  3484 | D:3      | 3484 ||| DROPPING potion of lignification.
  3525 | D:4      | Reached skill level 3 in Armour
  3588 | D:4      | Noticed Natasha
  3588 | D:4      | Noticed Eustachio
  3589 | D:4      | Killed Natasha
  3600 | D:4      | Killed Eustachio
  3601 | D:4      | Reached skill level 9 in Ranged Weapons
  3727 | D:4      | Noticed Natasha
  3736 | D:4      | Killed Natasha
  3737 | D:4      | 3737 ||| FLEEEEING.
  3837 | D:4      | 3837 ||| UPGRADING to +1 leather armour of cold resistance.
  3847 | D:4      | 3847 ||| DROPPING +0 ring mail.
  3848 | D:4      | 3848 ||| READING scroll of identify.
  3848 | D:4      | 3848 ||| IDENTIFYING fuming golden potion
  3849 | D:4      | 3849 ||| DROPPING potion of brilliance.
  3861 | D:5      | Entered Level 5 of the Dungeon
  3971 | D:5      | Reached skill level 6 in Fighting
  4048 | D:5      | 4048 ||| FLEEEEING.
  4049 | D:5      | Found a staircase to the Ecumenical Temple.
  4050 | D:5      | 4050 ||| PLANNING TEMPLE
  4059 | D:5      | 4059 ||| FLEEEEING.
  4070 | D:5      | 4070 ||| FLEEEEING.
  4072 | D:5      | 4072 ||| STAIRDANCE
  4084 | D:4      | 4084 ||| FLEEEEING.
  4137 | D:4      | 4137 ||| READING scroll of identify.
  4137 | D:4      | 4137 ||| IDENTIFYING metallic blue potion
  4138 | D:4      | 4138 ||| DROPPING potion of attraction.
  4176 | Temple   | Entered the Ecumenical Temple
  4177 | Temple   | 4177 ||| PLANNING OKAWARU WORSHIP
  4207 | Temple   | Became a worshipper of Warmaster Okawaru
  4208 | Temple   | 4208 ||| PLANNING D:1-11
  4344 | D:5      | Reached skill level 10 in Ranged Weapons
  4356 | D:5      | Found a radiant altar of Vehumet.
  4467 | D:6      | Reached XP level 9. HP: 56/56 MP: 9/9
  4477 | D:6      | 4477 ||| RETREEEEATING.
  4477 | D:6      | Noticed Pikel
  4486 | D:6      | Killed Pikel
  4486 | D:6      | Reached * piety under Okawaru
  4521 | D:6      | Reached skill level 1 in Invocations
  4574 | D:6      | Reached ** piety under Okawaru
  4575 | D:6      | 4575 ||| FLEEEEING.
  4844 | D:6      | Found Xuhahinu's Antique Weapon Boutique.
  4848 | D:6      | 4848 ||| SHOPLISTING +8 storm bow {elec, penet} (2085 gold,
                  | have 272).
  4848 | D:6      | 4848 ||| BUYING glowing shortbow (198 gold).
  4848 | D:6      | Bought a glowing shortbow for 198 gold pieces
  4848 | D:6      | 4848 ||| SHOPLISTING orcbow (115 gold, have 74).
  4848 | D:6      | 4848 ||| DROPPING +0 shortbow of electrocution.
  4909 | D:6      | Noticed Menkaure
  4912 | D:6      | Killed Menkaure
  5170 | D:6      | 5170 ||| INVOKING Heroism.
  5174 | D:6      | Reached skill level 3 in Invocations
  5310 | D:6      | 5310 ||| READING 2 scrolls of identify.
  5310 | D:6      | 5310 ||| IDENTIFYING bubbling orange potion
  5311 | D:6      | 5311 ||| READING scroll of identify.
  5311 | D:6      | 5311 ||| IDENTIFYING scroll labelled ORAVVEOMM QIUK
  5311 | D:6      | Identified a scroll of acquirement
  5312 | D:6      | 5312 ||| READING scroll of acquirement.
  5312 | D:6      | 5312 ||| ACQUIRING ring of Vill {rC+ rN+ Int+5 Stlth+}
  5312 | D:6      | Acquired the ring of Vill {rC+ rN+ Int+5 Stlth+}
  5314 | D:6      | 5314 ||| UPGRADING to ring of Vill {rC+ rN+ Int+5 Stlth+}.
  5315 | D:6      | 5315 ||| READING 3 scrolls labelled KANTIA OWOGO.
  5316 | D:6      | 5316 ||| FLEEEEING.
  5322 | D:6      | 5322 ||| STAIRDANCE
  5426 | D:5      | 5426 ||| DROPPING 2 scrolls of vulnerability.
  5427 | D:5      | 5427 ||| DROPPING potion of ambrosia.
  5458 | D:7      | 5458 ||| PLANNING OSSUARY
  5511 | D:7      | 5511 ||| FLEEEEING.
  5643 | D:7      | Found a shimmering blue altar of Sif Muna.
  5825 | D:7      | 5825 ||| SWAPPING to +0 orcbow.
  5826 | D:7      | 5826 ||| DROPPING +0 shortbow of electrocution.
  5827 | D:7      | 5827 ||| READING scroll of acquirement.
  5827 | D:7      | 5827 ||| ACQUIRING +1 longbow of flaming
  5827 | D:7      | Acquired a +1 longbow of flaming
  5829 | D:7      | 5829 ||| SWAPPING to +1 longbow of flaming.
  5830 | D:7      | 5830 ||| DROPPING +0 orcbow.
  5854 | D:7      | Noticed Duvessa
  5857 | D:7      | Noticed Dowan
  5867 | D:7      | Killed Duvessa
  5868 | D:7      | 5868 ||| INVOKING Heroism.
  5871 | D:7      | Killed Dowan
  5872 | D:7      | Reached skill level 11 in Ranged Weapons
  5872 | D:7      | Reached XP level 10. HP: 61/63 MP: 10/13
  5915 | D:7      | 5915 ||| FLEEEEING.
  6020 | D:7      | Found a sand-covered staircase.
  6029 | Ossuary  | Entered an ossuary
  6356 | Ossuary  | Reached *** piety under Okawaru
  6360 | Ossuary  | 6360 ||| READING 3 scrolls of identify.
  6360 | Ossuary  | 6360 ||| IDENTIFYING viscous puce potion
  6361 | Ossuary  | 6361 ||| READING 2 scrolls of identify.
  6361 | Ossuary  | 6361 ||| IDENTIFYING sedimented ruby potion
  6362 | Ossuary  | 6362 ||| READING scroll of identify.
  6362 | Ossuary  | 6362 ||| IDENTIFYING scroll labelled IZUELUARHI
  6363 | Ossuary  | 6363 ||| READING 2 scrolls labelled BAIPOZ XE FEISH.
  6364 | Ossuary  | 6364 ||| READING scroll labelled COAHIO QIUXE.
  6365 | Ossuary  | 6365 ||| READING scroll labelled OSSOAT OMIPPITZ.
  6365 | Ossuary  | 6365 ||| ENCHANTING +1 longbow of flaming.
  6366 | Ossuary  | 6366 ||| DROPPING potion of berserk rage.
  6367 | Ossuary  | 6367 ||| DROPPING scroll of torment.
  6368 | Ossuary  | 6368 ||| DROPPING scroll of amnesia.
  6386 | D:7      | 6386 ||| PLANNING D:1-11
  6821 | D:8      | 6821 ||| RETREEEEATING.
  6822 | D:8      | 6822 ||| RETREEEEATING.
  6953 | D:8      | Reached skill level 12 in Ranged Weapons
  6956 | D:8      | 6956 ||| FLEEEEING.
  7289 | D:8      | Noticed Maurice
  7290 | D:8      | 7290 ||| INVOKING Heroism.
  7311 | D:8      | 7311 ||| INVOKING Heroism.
  7317 | D:8      | Killed Maurice
  7336 | D:8      | Found a staircase to the Lair.
  7336 | D:8      | Noticed an elephant
  7337 | D:8      | 7337 ||| INVOKING Heroism.
  7347 | D:8      | Killed an elephant
  7514 | D:8      | 7514 ||| READING scroll of acquirement.
  7514 | D:8      | 7514 ||| ACQUIRING +8 longbow "Zephyr" {speed, Dex+3 SInv}
  7514 | D:8      | Acquired the +8 longbow "Zephyr" {speed, Dex+3 SInv}
  7514 | D:8      | Found the +8 longbow "Zephyr" {speed, Dex+3 SInv}
  7516 | D:8      | 7516 ||| SWAPPING to +8 longbow "Zephyr" {speed, Dex+3
                  | SInv}.
  7517 | D:8      | 7517 ||| DROPPING +2 longbow of flaming.
  7725 | D:8      | 7725 ||| PLANNING LAIR
  7725 | D:8      | 7725 ||| UPGRADING to +0 cloak of willpower.
  7735 | D:8      | 7735 ||| DROPPING +0 cloak.
  7771 | Lair:1   | Entered Level 1 of the Lair of Beasts
  7774 | Lair:1   | 7774 ||| STAIRDANCE
  7778 | D:8      | Reached skill level 13 in Ranged Weapons
  7783 | Lair:1   | 7783 ||| STAIRDANCE
  7793 | D:8      | Reached **** piety under Okawaru
  7794 | D:8      | 7794 ||| FLEEEEING.
  7926 | Lair:1   | 7926 ||| RETREEEEATING.
  7927 | Lair:1   | 7927 ||| RETREEEEATING.
  7928 | Lair:1   | 7928 ||| RETREEEEATING.
  7929 | Lair:1   | 7929 ||| RETREEEEATING.
  7930 | Lair:1   | 7930 ||| RETREEEEATING.
  7932 | Lair:1   | Reached XP level 11. HP: 69/69 MP: 14/14
  7939 | Lair:1   | Reached skill level 9 in Fighting
  7953 | Lair:1   | 7953 ||| FLEEEEING.
  8067 | Lair:1   | Reached ***** piety under Okawaru
  8068 | Lair:1   | Reached skill level 6 in Invocations
  8073 | Lair:1   | 8073 ||| FLEEEEING.
  8343 | Lair:1   | Received a gift from Okawaru
  8344 | Lair:1   | 8344 ||| FLEEEEING.
  8491 | Lair:1   | 8491 ||| INVOKING Finesse.
  8492 | Lair:1   | 8492 ||| INVOKING Heroism.
  8605 | Lair:1   | 8605 ||| UPGRADING to scarf of resistance.
  8615 | Lair:1   | 8615 ||| DROPPING +0 leather armour of poison resistance.
  8697 | Lair:2   | Noticed an eleionoma
  8698 | Lair:2   | 8698 ||| INVOKING Finesse.
  8702 | Lair:2   | Killed an eleionoma
  8709 | Lair:2   | Received a gift from Okawaru
  8711 | Lair:2   | Noticed a seven-headed hydra
  8717 | Lair:2   | Killed a seven-headed hydra
  8758 | Lair:2   | Found a staircase to the Swamp.
  8780 | Lair:2   | Reached skill level 14 in Ranged Weapons
  8824 | Lair:2   | Reached XP level 12. HP: 76/76 MP: 18/18
  8840 | Lair:2   | Reached skill level 9 in Invocations
  8984 | Lair:2   | 8984 ||| FLEEEEING.
  9359 | Lair:3   | 9359 ||| RETREEEEATING.
  9360 | Lair:3   | 9360 ||| RETREEEEATING.
  9361 | Lair:3   | 9361 ||| RETREEEEATING.
  9362 | Lair:3   | 9362 ||| RETREEEEATING.
  9363 | Lair:3   | 9363 ||| RETREEEEATING.
  9364 | Lair:3   | 9364 ||| RETREEEEATING.
  9375 | Lair:3   | 9375 ||| FLEEEEING.
  9378 | Lair:3   | 9378 ||| FLEEEEING.
  9379 | Lair:3   | 9379 ||| FLEEEEING.
  9386 | Lair:3   | 9386 ||| FLEEEEING.
  9387 | Lair:3   | 9387 ||| FLEEEEING.
  9389 | Lair:3   | 9389 ||| STAIRDANCE
  9473 | Lair:3   | 9473 ||| STAIRDANCE
  9512 | Lair:3   | Found a staircase to the Snake Pit.
  9568 | Lair:3   | Received a gift from Okawaru
  9580 | Lair:3   | Noticed Gastronok
  9581 | Lair:3   | 9581 ||| INVOKING Finesse.
  9591 | Lair:3   | Killed Gastronok
  9697 | Lair:3   | Noticed a six-headed hydra
  9698 | Lair:3   | 9698 ||| INVOKING Finesse.
  9703 | Lair:3   | Killed a six-headed hydra
  9704 | Lair:3   | Reached skill level 15 in Ranged Weapons
  9751 | Lair:3   | Noticed a death yak
  9751 | Lair:3   | Noticed a death yak
  9752 | Lair:3   | Noticed a death yak
  9766 | Lair:3   | Noticed a death yak
  9793 | Lair:3   | Killed a death yak
  9804 | Lair:3   | Killed a death yak
  9881 | Lair:3   | Noticed a catoblepas
  9882 | Lair:3   | 9882 ||| INVOKING Finesse.
  9889 | Lair:3   | Killed a catoblepas
  9907 | Lair:3   | Killed a death yak
  9908 | Lair:3   | Reached skill level 16 in Ranged Weapons
  9913 | Lair:3   | Killed a death yak
  9914 | Lair:3   | Reached XP level 13. HP: 82/82 MP: 16/20
 10327 | Lair:4   | Noticed Kirke
 10328 | Lair:4   | 10328 ||| RETREEEEATING.
 10330 | Lair:4   | 10330 ||| RETREEEEATING.
 10333 | Lair:4   | 10333 ||| INVOKING Finesse.
 10347 | Lair:4   | Killed Kirke
 10347 | Lair:4   | Received a gift from Okawaru
 10348 | Lair:4   | Reached skill level 6 in Dodging
 10421 | Lair:4   | Found a viscous altar of Jiyva.
 10421 | Lair:4   | Found a staircase to the Slime Pits.
 10502 | Lair:4   | 10502 ||| RETREEEEATING.
 10511 | Lair:4   | 10511 ||| RETREEEEATING.
 10512 | Lair:4   | 10512 ||| RETREEEEATING.
 10513 | Lair:4   | 10513 ||| RETREEEEATING.
 10514 | Lair:4   | 10514 ||| RETREEEEATING.
 10515 | Lair:4   | 10515 ||| RETREEEEATING.
 10516 | Lair:4   | 10516 ||| RETREEEEATING.
 10517 | Lair:4   | 10517 ||| RETREEEEATING.
 10518 | Lair:4   | 10518 ||| RETREEEEATING.
 10524 | Lair:4   | 10524 ||| RETREEEEATING.
 10537 | Lair:4   | HP: 19/84 [death yak (10)]
 10538 | Lair:4   | 10538 ||| READING 8 scrolls of teleportation.
 10539 | Lair:4   | 10539 ||| DRINKING 3 potions of heal wounds.
 10545 | Lair:4   | 10545 ||| FLEEEEING.
 10551 | Lair:4   | HP: 7/84 [death yak (20)]
 10552 | Lair:4   | 10552 ||| READING 7 scrolls of teleportation.
 10553 | Lair:4   | 10553 ||| DRINKING 2 potions of heal wounds.
 10747 | Lair:4   | Received a gift from Okawaru
 10760 | Lair:4   | Reached ****** piety under Okawaru
 10794 | Lair:4   | 10794 ||| INVOKING Receive Weapon.
 10794 | Lair:4   | 10794 ||| ACQUIRING +7 arbalest of freezing
 10794 | Lair:4   | Acquired a +7 arbalest of freezing
 10794 | Lair:4   | Received a gift from Okawaru
 10795 | Lair:4   | 10795 ||| INVOKING Receive Armour.
 10795 | Lair:4   | 10795 ||| ACQUIRING +3 pair of boots of Okawaru's Esteem
                  | {rN+ Will+}
 10795 | Lair:4   | Acquired the +3 pair of boots of Okawaru's Esteem {rN+
                  | Will+}
 10795 | Lair:4   | Received a gift from Okawaru
 10822 | Lair:4   | 10822 ||| FLEEEEING.
 10833 | Lair:4   | 10833 ||| RETREEEEATING.
 10834 | Lair:4   | 10834 ||| RETREEEEATING.
 10835 | Lair:4   | 10835 ||| RETREEEEATING.
 10836 | Lair:4   | 10836 ||| RETREEEEATING.
 10837 | Lair:4   | 10837 ||| RETREEEEATING.
 10838 | Lair:4   | 10838 ||| RETREEEEATING.
 10839 | Lair:4   | 10839 ||| RETREEEEATING.
 10840 | Lair:4   | 10840 ||| RETREEEEATING.
 10841 | Lair:4   | 10841 ||| RETREEEEATING.
 10842 | Lair:4   | 10842 ||| RETREEEEATING.
 10843 | Lair:4   | 10843 ||| RETREEEEATING.
 10844 | Lair:4   | 10844 ||| RETREEEEATING.
 10845 | Lair:4   | 10845 ||| RETREEEEATING.
 10846 | Lair:4   | 10846 ||| RETREEEEATING.
 10847 | Lair:4   | 10847 ||| RETREEEEATING.
 10848 | Lair:4   | 10848 ||| RETREEEEATING.
 10849 | Lair:4   | 10849 ||| INVOKING Finesse.
 10850 | Lair:4   | 10850 ||| INVOKING Heroism.
 10889 | Lair:4   | Reached skill level 17 in Ranged Weapons
 11090 | Lair:4   | 11090 ||| RETREEEEATING.
 11091 | Lair:4   | 11091 ||| RETREEEEATING.
 11092 | Lair:4   | 11092 ||| RETREEEEATING.
 11093 | Lair:4   | 11093 ||| RETREEEEATING.
 11094 | Lair:4   | 11094 ||| RETREEEEATING.
 11543 | Lair:4   | 11543 ||| UPGRADING to +3 pair of boots of Okawaru's Esteem
                  | {rN+ Will+}.
 11553 | Lair:4   | 11553 ||| DROPPING +0 pair of boots.
 11554 | Lair:4   | 11554 ||| DROPPING +0 pair of boots of stealth.
 11555 | Lair:4   | 11555 ||| READING 3 scrolls of identify.
 11555 | Lair:4   | 11555 ||| IDENTIFYING murky clear potion
 11556 | Lair:4   | 11556 ||| READING 2 scrolls of identify.
 11556 | Lair:4   | 11556 ||| IDENTIFYING purple potion
 11557 | Lair:4   | 11557 ||| READING scroll of identify.
 11557 | Lair:4   | 11557 ||| IDENTIFYING 2 bubbling amethyst potions
 11585 | Lair:5   | Entered Level 5 of the Lair of Beasts
 11620 | Lair:5   | 11620 ||| RETREEEEATING.
 11622 | Lair:5   | 11622 ||| RETREEEEATING.
 11625 | Lair:5   | 11625 ||| RETREEEEATING.
 11627 | Lair:5   | 11627 ||| RETREEEEATING.
 11634 | Lair:5   | Received a gift from Okawaru
 11682 | Lair:5   | 11682 ||| RETREEEEATING.
 11688 | Lair:5   | 11688 ||| RETREEEEATING.
 11694 | Lair:5   | 11694 ||| RETREEEEATING.
 11695 | Lair:5   | 11695 ||| RETREEEEATING.
 11699 | Lair:5   | Gained mutation: Your large and strong wings let you fly.
                  | [Gargoyle growth]
 11699 | Lair:5   | Reached XP level 14. HP: 73/90 MP: 21/21
 11699 | Lair:5   | 11699 ||| FLEEEEING.
 11700 | Lair:5   | 11700 ||| FLEEEEING.
 11702 | Lair:5   | 11702 ||| RETREEEEATING.
 11708 | Lair:5   | 11708 ||| FLEEEEING.
 11709 | Lair:5   | 11709 ||| FLEEEEING.
 11710 | Lair:5   | 11710 ||| FLEEEEING.
 11711 | Lair:5   | 11711 ||| FLEEEEING.
 11712 | Lair:5   | 11712 ||| FLEEEEING.
 11713 | Lair:5   | 11713 ||| STAIRDANCE
 11751 | Lair:4   | 11751 ||| READING scroll labelled XUQAOSENUA.
 11757 | Lair:5   | 11757 ||| STAIRDANCE
 11771 | Lair:4   | Reached skill level 18 in Ranged Weapons
 11771 | Lair:4   | 11771 ||| FLEEEEING.
 11778 | Lair:4   | 11778 ||| STAIRDANCE
 12033 | Lair:5   | Reached skill level 12 in Fighting
 12036 | Lair:5   | Received a gift from Okawaru
 12128 | Lair:5   | 12128 ||| FLEEEEING.
 12131 | Lair:5   | 12131 ||| FLEEEEING.
 12232 | Lair:5   | 12232 ||| FLEEEEING.
 12747 | Lair:5   | Found a corrupted altar of Lugonu.
 12747 | Lair:5   | Found a one-way gate to the infinite horrors of the Abyss.
 12994 | Lair:5   | 12994 ||| PLANNING D:1-11
 12994 | Lair:5   | 12994 ||| READING scroll of identify.
 12994 | Lair:5   | 12994 ||| IDENTIFYING scroll labelled TUCUL REVIF
 12995 | Lair:5   | 12995 ||| DROPPING scroll of summoning.
 13125 | D:9      | Noticed Amaemon
 13135 | D:9      | Killed Amaemon
 13135 | D:9      | Received a gift from Okawaru
 13192 | D:9      | Found a runed translucent door.
 13243 | D:9      | Found a shadowy altar of Dithmenos.
 13297 | D:9      | Found a runed translucent gate.
 13298 | D:9      | Found a runed translucent gate.
 13301 | D:9      | Found a runed translucent gate.
 13303 | D:9      | Found the +5 robe of Night {Dark Will+ SInv}
 13304 | D:9      | Noticed qw's ghost (novice GrHu)
 13327 | D:9      | You are sucked into a shaft and drop 3 floors!
 13335 | D:12     | Noticed Jorgrun
 13336 | D:12     | 13336 ||| INVOKING Finesse.
 13341 | D:12     | Killed Jorgrun
 13342 | D:12     | Reached skill level 19 in Ranged Weapons
 13461 | D:11     | Found a gate leading to a gauntlet.
 13462 | D:11     | 13462 ||| PLANNING GAUNTLET
 13532 | Gauntlet | Entered a Gauntlet
 13532 | Gauntlet | Found a transporter.
 13532 | Gauntlet | Found a transporter.
 13543 | Gauntlet | Found a transporter.
 13547 | Gauntlet | Found a transporter.
 13555 | Gauntlet | Found a transporter.
 13560 | Gauntlet | Found a transporter.
 13568 | Gauntlet | Found a transporter.
 13586 | Gauntlet | Found a runed translucent door.
 13588 | Gauntlet | Found a transporter.
 13591 | Gauntlet | Found a runed translucent door.
 13606 | Gauntlet | Found a transporter.
 13610 | Gauntlet | Found a transporter.
 13618 | Gauntlet | Found a transporter.
 13623 | Gauntlet | Found a transporter.
 13741 | Gauntlet | 13741 ||| ZAPPING wand of acid (15) at -1,3 (torpor snail;
                  | floor).
 13742 | Gauntlet | 13742 ||| ZAPPING wand of acid (14) at -1,3 (torpor snail;
                  | floor).
 13743 | Gauntlet | 13743 ||| ZAPPING wand of acid (13) at -1,3 (torpor snail;
                  | floor).
 13744 | Gauntlet | 13744 ||| ZAPPING wand of acid (12) at 0,2 (torpor snail;
                  | floor).
 13745 | Gauntlet | 13745 ||| INVOKING Finesse.
 13784 | Gauntlet | 13784 ||| DROPPING +6 ring of intelligence.
 13807 | Gauntlet | 13807 ||| Stepping ~*~*~tactically~*~*~ (cloud).
 13878 | Gauntlet | Identified the +1 cloak of Hide-and-Seek {-Tele rElec rN+++
                  | Str+2}
 13882 | Gauntlet | 13882 ||| READING scroll of enchant armour.
 13882 | Gauntlet | 13882 ||| ENCHANTING +1 pair of gloves.
 13970 | Gauntlet | 13970 ||| READING scroll of enchant armour.
 13970 | Gauntlet | 13970 ||| ENCHANTING +1 helmet.
 14041 | D:11     | 14041 ||| PLANNING D:1-11
 14049 | D:11     | Found a snail-covered altar of Cheibriados.
 14101 | D:11     | Found a staircase to the Orcish Mines.
 14189 | D:11     | Found Duyhiad's Distillery.
 14206 | D:10     | Entered Level 10 of the Dungeon
 14292 | D:10     | Received a gift from Okawaru
 14344 | D:10     | 14344 ||| DROPPING ring of wizardry.
 14345 | D:10     | 14345 ||| READING scroll labelled EREITUBUTRE.
 14346 | D:10     | 14346 ||| FLEEEEING.
 14352 | D:10     | 14352 ||| STAIRDANCE
 14549 | D:9      | Identified the +2 mace of Intuition {venom, rF+ rN+ rCorr
                  | Int+3}
 14875 | D:9      | Noticed Erica
 14886 | D:9      | Killed Erica
 14887 | D:9      | Reached XP level 15. HP: 98/98 MP: 22/22
 15208 | D:10     | Found a hide-covered altar of Uskayaw.
 15225 | D:10     | Identified the +0 scale mail of the Cicada {Dex+2}
 15462 | D:10     | 15462 ||| UPGRADING to +0 acid dragon scales.
 15472 | D:10     | 15472 ||| READING scroll of identify.
 15472 | D:10     | 15472 ||| IDENTIFYING green potion
 15473 | D:10     | 15473 ||| READING scroll labelled YRCHIM AZXO.
 15474 | D:10     | 15474 ||| DROPPING potion of degeneration.
 15518 | D:11     | 15518 ||| BUYING potion of curing (36 gold).
 15518 | D:11     | Bought a potion of curing for 36 gold pieces
 15518 | D:11     | 15518 ||| BUYING potion of curing (36 gold).
 15518 | D:11     | Bought a potion of curing for 36 gold pieces
 15518 | D:11     | 15518 ||| BUYING potion of haste (120 gold).
 15518 | D:11     | Bought a potion of haste for 120 gold pieces
 15518 | D:11     | 15518 ||| BUYING potion of heal wounds (60 gold).
 15518 | D:11     | Bought a potion of heal wounds for 60 gold pieces
 15518 | D:11     | 15518 ||| BUYING potion of heal wounds (60 gold).
 15518 | D:11     | Bought a potion of heal wounds for 60 gold pieces
 15855 | D:11     | Reached skill level 6 in Armour
 15921 | D:11     | 15921 ||| PLANNING D
 15921 | D:11     | 15921 ||| DROPPING +1 leather armour of cold resistance.
 15922 | D:11     | 15922 ||| UPGRADING to +0 troll leather armour.
 15932 | D:11     | 15932 ||| DROPPING +0 acid dragon scales.
 15954 | D:12     | Noticed Rupert
 15955 | D:12     | 15955 ||| INVOKING Finesse.
 15969 | D:12     | Killed Rupert
 15972 | D:12     | Noticed Urug
 15977 | D:12     | Killed Urug
 16315 | D:12     | 16315 ||| UPGRADING to amulet of reflection.
 16325 | D:12     | 16325 ||| DROPPING amulet of the acrobat.
 16593 | D:13     | Noticed Snorg
 16601 | D:13     | Killed Snorg
 16630 | D:13     | Noticed Sonja
 16631 | D:13     | Killed Sonja
 16653 | D:13     | Received a gift from Okawaru
 16669 | D:13     | Noticed Azrael
 16685 | D:13     | Killed Azrael
 16733 | D:13     | 16733 ||| INVOKING Finesse.
 16767 | D:13     | Reached skill level 20 in Ranged Weapons
 16811 | D:13     | Found a gate to the Vaults.
 17484 | D:14     | Noticed Roxanne
 17485 | D:14     | 17485 ||| INVOKING Finesse.
 17517 | D:14     | Killed Roxanne
 17581 | D:14     | Received a gift from Okawaru
 17582 | D:14     | Reached skill level 9 in Dodging
 18075 | D:15     | Entered Level 15 of the Dungeon
 18298 | D:15     | Received a gift from Okawaru
 18431 | D:15     | Found a staircase to the Depths.
 18679 | D:15     | 18679 ||| INVOKING Finesse.
 18682 | D:15     | Reached skill level 15 in Fighting
 18682 | D:15     | Reached XP level 16. HP: 105/108 MP: 17/23
 18976 | D:15     | 18976 ||| PLANNING ORC
 19079 | Orc:1    | Entered Level 1 of the Orcish Mines
 19168 | Orc:1    | Received a gift from Okawaru
 19554 | Orc:2    | Entered Level 2 of the Orcish Mines
 19564 | Orc:2    | Found Reoliugrou's General Store.
 19574 | Orc:2    | Found a staircase to the Elven Halls.
 19575 | Orc:2    | 19575 ||| BUYING scroll of identify (32 gold).
 19575 | Orc:2    | Bought a scroll of identify for 32 gold pieces
 19904 | Orc:2    | 19904 ||| RETREEEEATING.
 19905 | Orc:2    | 19905 ||| RETREEEEATING.
 19913 | Orc:2    | 19913 ||| RETREEEEATING.
 19914 | Orc:2    | 19914 ||| RETREEEEATING.
 19915 | Orc:2    | 19915 ||| RETREEEEATING.
 19918 | Orc:2    | 19918 ||| RETREEEEATING.
 19927 | Orc:2    | 19927 ||| RETREEEEATING.
 19928 | Orc:2    | 19928 ||| RETREEEEATING.
 20046 | Orc:2    | 20046 ||| RETREEEEATING.
 20047 | Orc:2    | 20047 ||| RETREEEEATING.
 20048 | Orc:2    | 20048 ||| RETREEEEATING.
 20049 | Orc:2    | 20049 ||| RETREEEEATING.
 20050 | Orc:2    | 20050 ||| RETREEEEATING.
 20052 | Orc:2    | 20052 ||| RETREEEEATING.
 20053 | Orc:2    | 20053 ||| RETREEEEATING.
 20054 | Orc:2    | 20054 ||| RETREEEEATING.
 20055 | Orc:2    | 20055 ||| RETREEEEATING.
 20056 | Orc:2    | 20056 ||| RETREEEEATING.
 20057 | Orc:2    | 20057 ||| RETREEEEATING.
 20058 | Orc:2    | 20058 ||| RETREEEEATING.
 20059 | Orc:2    | 20059 ||| RETREEEEATING.
 20060 | Orc:2    | 20060 ||| RETREEEEATING.
 20061 | Orc:2    | 20061 ||| RETREEEEATING.
 20062 | Orc:2    | 20062 ||| RETREEEEATING.
 20063 | Orc:2    | 20063 ||| RETREEEEATING.
 20068 | Orc:2    | 20068 ||| ZAPPING wand of acid (11) at -1,3 (orc high
                  | priest; floor).
 20238 | Orc:2    | Found Buniorghu's Distillery.
 20243 | Orc:2    | 20243 ||| BUYING 2 potions of enlightenment (150 gold).
 20243 | Orc:2    | Bought 2 potions of enlightenment for 150 gold pieces
 20243 | Orc:2    | 20243 ||| BUYING potion of curing (45 gold).
 20243 | Orc:2    | Bought a potion of curing for 45 gold pieces
 20243 | Orc:2    | 20243 ||| BUYING potion of curing (45 gold).
 20243 | Orc:2    | Bought a potion of curing for 45 gold pieces
 20243 | Orc:2    | 20243 ||| BUYING potion of curing (45 gold).
 20243 | Orc:2    | Bought a potion of curing for 45 gold pieces
 20243 | Orc:2    | 20243 ||| BUYING potion of enlightenment (75 gold).
 20243 | Orc:2    | Bought a potion of enlightenment for 75 gold pieces
 20243 | Orc:2    | 20243 ||| BUYING potion of enlightenment (75 gold).
 20243 | Orc:2    | Bought a potion of enlightenment for 75 gold pieces
 20243 | Orc:2    | 20243 ||| BUYING potion of enlightenment (75 gold).
 20243 | Orc:2    | Bought a potion of enlightenment for 75 gold pieces
 20243 | Orc:2    | 20243 ||| BUYING potion of heal wounds (75 gold).
 20243 | Orc:2    | Bought a potion of heal wounds for 75 gold pieces
 20243 | Orc:2    | 20243 ||| BUYING potion of magic (120 gold).
 20243 | Orc:2    | Bought a potion of magic for 120 gold pieces
 20292 | Orc:2    | Found Ajatruus's Assorted Antiques.
 20298 | Orc:2    | 20298 ||| BUYING scroll of identify (38 gold).
 20298 | Orc:2    | Bought a scroll of identify for 38 gold pieces
 20298 | Orc:2    | 20298 ||| BUYING scroll of identify (38 gold).
 20298 | Orc:2    | Bought a scroll of identify for 38 gold pieces
 20298 | Orc:2    | 20298 ||| BUYING white potion (17 gold).
 20298 | Orc:2    | Bought a white potion for 17 gold pieces
 20303 | Orc:2    | Found Utai's Magic Scroll Emporium.
 20328 | Orc:2    | 20328 ||| BUYING scroll of identify (24 gold).
 20328 | Orc:2    | Bought a scroll of identify for 24 gold pieces
 20328 | Orc:2    | 20328 ||| BUYING scroll of identify (24 gold).
 20328 | Orc:2    | Bought a scroll of identify for 24 gold pieces
 20328 | Orc:2    | 20328 ||| BUYING scroll of teleportation (36 gold).
 20328 | Orc:2    | Bought a scroll of teleportation for 36 gold pieces
 20328 | Orc:2    | 20328 ||| BUYING scroll of teleportation (36 gold).
 20328 | Orc:2    | Bought a scroll of teleportation for 36 gold pieces
 20328 | Orc:2    | 20328 ||| BUYING scroll of teleportation (36 gold).
 20328 | Orc:2    | Bought a scroll of teleportation for 36 gold pieces
 20389 | Orc:2    | 20389 ||| PLANNING SNAKE:1-3
 20389 | Orc:2    | 20389 ||| READING 10 scrolls of identify.
 20389 | Orc:2    | 20389 ||| IDENTIFYING white potion
 20616 | Snake:1  | Entered Level 1 of the Snake Pit
 20617 | Snake:1  | 20617 ||| PLANNING BAZAAR
 20631 | Snake:1  | Received a gift from Okawaru
 20676 | Snake:1  | Noticed Frances
 20677 | Snake:1  | 20677 ||| ZAPPING wand of acid (10) at 4,1 (Frances;
                  | floor).
 20678 | Snake:1  | 20678 ||| ZAPPING wand of acid (9) at 3,1 (Frances; floor).
 20679 | Snake:1  | 20679 ||| ZAPPING wand of acid (8) at 2,1 (Frances; floor).
 20680 | Snake:1  | 20680 ||| ZAPPING wand of acid (7) at 2,1 (Frances; floor).
 20681 | Snake:1  | 20681 ||| ZAPPING wand of acid (6) at 2,1 (Frances; floor).
 20682 | Snake:1  | 20682 ||| RETREEEEATING.
 20683 | Snake:1  | 20683 ||| ZAPPING wand of acid (5) at 1,2 (Frances; floor).
 20684 | Snake:1  | 20684 ||| ZAPPING wand of acid (4) at 1,2 (Frances; floor).
 20685 | Snake:1  | 20685 ||| ZAPPING wand of acid (3) at 1,2 (Frances; floor).
 20686 | Snake:1  | 20686 ||| ZAPPING wand of acid (2) at 1,2 (Frances; floor).
 20687 | Snake:1  | 20687 ||| ZAPPING wand of acid (1) at 1,2 (Frances; floor).
 20695 | Snake:1  | 20695 ||| RETREEEEATING.
 20696 | Snake:1  | 20696 ||| RETREEEEATING.
 20696 | Snake:1  | HP: 13/109 [Frances/+2 antimagic halberd (25)]
 20697 | Snake:1  | 20697 ||| READING 15 scrolls of teleportation.
 20697 | Snake:1  | Slain by Frances

Levels and vault maps discovered:
D:1:      lightli_arrival_maybe_door_vault, layout_loops_corners, serial_forest,
          infiniplex_forest_side_room, infiniplex_forest_clump_small,
          infiniplex_forest_lined_3, infiniplex_forest_end_1,
          infiniplex_forest_straight_2, infiniplex_forest_pool,
          infiniplex_forest_lined_room_3
D:2:      layout_loops_corners, dreamdust_ecumenical_altar_drowned_temple
D:3:      layout_loops_ring, uniq_terence, uniq_jessica, uniq_sigmund
D:4:      layout_basic, nicolae_qazlal_beasts_of_the_sky, serial_shops, shop,
          hangedman_abyss_or_decor_stagger, st_stairs_1, nicolae_tricolors,
          uniq_grinder, uniq_natasha, uniq_eustachio
D:5:      layout_rooms, mainiacjoe_overflow_alcove_2,
          minmay_temple_entry_junction_2, chequers_mini_garden, minivault_14
D:6:      kennysheep_spiral_hall, layout_loops_corners, serial_shops, shop,
          uniq_menkaure, uniq_pikel
D:7:      layout_loops_ring, led_sif_pool, mainiacjoe_ossuary_entry_dusty_tomb,
          corexii_leaking_fountain, uniq_duvessa
D:8:      layout_basic, grunt_lair_entry_orc_guard_hut, uniq_maurice
D:9:      layout_basic, nicolae_dithmenos_the_darkroom,
          gammafunk_ghost_spectres, minivault_13, uniq_amaemon, uniq_erica
D:10:     layout_roguey, mainiacjoe_overflow_24_doors,
          minmay_misc_feat_diagonals
D:11:     layout_loops_ring, erik_orc_3, gauntlet_entry_generic, serial_shops,
          nicolae_diamond_shop, slow_altar_1
D:12:     layout_rooms, uniq_urug, uniq_jorgrun, uniq_rupert
D:13:     layout_loops_corners, hellmonk_vaults_keyhole, uniq_snorg, uniq_sonja,
          uniq_azrael
D:14:     layout_loops_cross, serial_rivers, chequers_serial_rivers_micro_b,
          chequers_serial_rivers_micro_c, chequers_serial_rivers_micro_a,
          chequers_serial_rivers_room_b, uniq_roxanne
D:15:     hangedman_depths_entry_civil_slaughter, layout_loops_corners,
          minmay_misc_feat_secret_circle, st_stairs_7
Temple:   minmay_crystal_spiral_temple
Lair:1:   layout_hall_layers, gammafunk_lair_bear_cave, grunt_megastairs_4
Lair:2:   layout_misc_corridors, alex1729_swamp_entry_worm_eleionoma,
          beast_lair_carwin_1, grunt_megastairs_5, serial_bayou_shore_a,
          infiniplex_staircase_pool_2, serial_bayou_shore_b
Lair:3:   layout_chaotic_city, dummy_snake_entry, nicolae_lair_grazing_beasts
          [nicolae_sub_lair_graze_edge, nicolae_sub_lair_graze_edge,
          nicolae_sub_lair_graze_edge, nicolae_sub_lair_graze_edge],
          infiniplex_staircase_pool, uniq_gastronok
Lair:4:   layout_cave_pods, nicolae_slime_entry_field_trip,
          chequers_serial_rivers_micro_d, chequers_serial_rivers_micro_c,
          grunt_megastairs_1, uniq_kirke
Lair:5:   hellmonk_lair_end_abyssal_woods, layout_gridlike,
          dreamdust_gnoll_shepherd
Snake:1:  layout_basic, serial_shops, bzr_entry_road, nicolae_snake_shapes,
          uniq_agnes, uniq_frances
Orc:1:    layout_diamond_mine, lightli_orcish_oven
Orc:2:    st_orc_town, layout_caves, serial_shops, shop, blackcustard_rock_pile

Skill      XL: |  1  2  3  4  5  6  7  8  9 10 11 12 13 14 15 16 |
---------------+-------------------------------------------------+-----
Armour         | 1 2 3 4 5 6 7 |  7.0
Ranged Weapons | 5 6 8 10 11 13 14 16 17 19 20 | 20.0
Fighting       | 3 5 6 7 8 9 10 11 13 15 | 15.7
Dodging        | 2 4 5 6 7 9 10 | 10.0
Invocations    | 4 8 10 | 10.0
Stealth        | |  1.1

Action                     |  1- 3 |  4- 6 |  7- 9 | 10-12 | 13-15 | 16-18 || total
---------------------------+-------+-------+-------+-------+-------+-------++-------
   Fire: Shortbow          |   115 |    76 |   311 |       |       |       ||   502
         Longbow           |       |       |    18 |   532 |  1166 |   385 ||  2101
 Invoke: Heroism           |       |       |     2 |     4 |     1 |       ||     7
         Finesse           |       |       |       |     5 |     8 |       ||    13
         Receive Weapon    |       |       |       |       |     1 |       ||     1
         Receive Armour    |       |       |       |       |     1 |       ||     1
  Evoke: Wand              |       |       |       |       |     4 |    11 ||    15
    Use: Scroll            |     3 |     6 |     9 |     7 |    12 |     2 ||    39
         Potion            |       |     1 |     1 |       |     2 |       ||     4
 Armour: Leather armour    |    19 |       |    72 |   118 |   112 |       ||   321
         Ring mail         |    20 |    18 |    36 |       |       |       ||    74
         Troll leather arm |       |       |       |       |    15 |    36 ||    51
  Dodge: Dodged            |    45 |    16 |    94 |   101 |   167 |    47 ||   470
  Block: Other             |       |       |       |       |     6 |     8 ||    14
         Reflection        |       |       |       |       |     4 |       ||     4

Table legend:
 A = Non-vault XP
 B = Vault XP
 C = Vault XP percentage of total XP
 D = Non-vault monster count
 E = Vault monster count
 F = Vault count percentage of total count
                 A         B        C        D         E       F
            +---------+---------+-------+---------+---------+-------
      Total |   89663 |   61288 |  40.6 |     471 |     259 |  35.5
            +---------+---------+-------+---------+---------+-------
        D:1 |      45 |       0 |   0.0 |      18 |       0 |   0.0
        D:2 |      54 |       1 |   1.8 |      14 |       1 |   6.7
        D:3 |      75 |     287 |  79.3 |      14 |       3 |  17.6
        D:4 |     539 |     723 |  57.3 |      27 |       6 |  18.2
        D:5 |     600 |       0 |   0.0 |      22 |       0 |   0.0
        D:6 |     782 |     847 |  52.0 |      13 |       6 |  31.6
        D:7 |     900 |     216 |  19.4 |      20 |       2 |   9.1
        D:8 |    1281 |    2087 |  62.0 |      15 |       8 |  34.8
        D:9 |    1240 |    2872 |  69.8 |      20 |       4 |  16.7
       D:10 |    4305 |       0 |   0.0 |      25 |       0 |   0.0
       D:11 |    3007 |     641 |  17.6 |      22 |      20 |  47.6
       D:12 |    2342 |    4329 |  64.9 |      13 |       3 |  18.8
       D:13 |    5798 |    6948 |  54.5 |      18 |      14 |  43.8
       D:14 |    8814 |    1408 |  13.8 |      22 |       1 |   4.3
       D:15 |    8651 |    4414 |  33.8 |      15 |       6 |  28.6
     Lair:1 |    4405 |    1069 |  19.5 |      17 |       7 |  29.2
     Lair:2 |    4335 |    3401 |  44.0 |      19 |      14 |  42.4
     Lair:3 |    7575 |    3306 |  30.4 |      22 |       7 |  24.1
     Lair:4 |   15083 |    3548 |  19.0 |      34 |      11 |  24.4
     Lair:5 |    8389 |   11525 |  57.9 |      22 |      40 |  64.5
    Snake:1 |    1782 |       0 |   0.0 |       3 |       0 |   0.0
      Orc:1 |    4412 |      15 |   0.3 |      33 |       5 |  13.2
      Orc:2 |    5249 |    9081 |  63.4 |      43 |      61 |  58.7
    Ossuary |       0 |     367 | 100.0 |       0 |      31 | 100.0
   Gauntlet |       0 |    4203 | 100.0 |       0 |       9 | 100.0
            +---------+---------+-------+---------+---------+-------
